 Dungeon Crawl Stone Soup version 0.32-a0-861-g165e151e72 (webtiles) character file.

Game seed: 523715649637798111

135 Essalna the Firebug (level 4, -2/33 HPs)
             Began as a Demonspawn Fire Elementalist on Mar 28, 2024.
             Slain by an adder (3 damage)
             ... on level 4 of the Dungeon.
             The game lasted 00:02:57 (2507 turns).

Essalna the Firebug (Demonspawn Fire Elementalist)  Turns: 2507, Time: 00:02:58

Health: -2/33      AC:  7    Str:  8    XL:     4   Next: 97%
Magic:  8/8        EV: 11    Int: 18    God:
Gold:   135        SH:  0    Dex: 13    Spells: 7/8 levels left

rFire   . . .        j - +0 dagger (drain)
rCold   . . .        (no shield)
rNeg    . . .        a - +0 robe
rPois   .            q - +0 helmet
rElec   .            n - +1 cloak
rCorr   .            (no gloves)
SInv    .            (no boots)
Will    +....        (no amulet)
Stlth   ++           d - ring of willpower
HPRegen 0.25/turn    h - ring of wizardry
MPRegen 0.11/turn

%: wizardry (x1)
@: no status effects
A: icy blue scales 1, ignite blood 1
a: no special abilities


You were on level 4 of the Dungeon.
You visited 1 branch of the dungeon, and saw 4 of its levels.

You collected 135 gold pieces.

Inventory:

Hand Weapons
 j - a +0 dagger of draining (weapon)
Armour
 a - a +0 robe (worn)
 c - a +0 kite shield
 n - a +1 cloak (worn)
 q - a +0 helmet (worn)
Jewellery
 d - a ring of willpower (left hand)
 g - a ring of willpower
 h - a ring of wizardry (right hand)
Scrolls
 i - 4 scrolls of identify {unknown}
 k - a scroll of revelation {unknown}
 m - a scroll of immolation {unknown}
 o - a scroll of blinking {unknown}
 p - a scroll of fear {unknown}
Potions
 b - a potion of magic
 e - 3 potions of brilliance {unknown}
 f - 3 potions of heal wounds {unknown}
 l - a potion of invisibility {unknown}


   Skills:
 + Level 2.1 Fighting
 - Level 1.7 Dodging
 - Level 1.7 Stealth
 + Level 2.9 Spellcasting
 + Level 2.5 Conjurations
 + Level 3.4 Fire Magic


You had 7 spell levels left.
You knew the following spells:

 Your Spells              Type           Power      Damage    Failure   Level
a - Foxfire               Conj/Fire      52%        2x1d6     1%          1

Your spell library contained the following spells:

 Spells                   Type           Power      Damage    Failure   Level
 Scorch                   Fire           30%        2d6       2%          2
 Sandblast                Erth           4%         2d4       7%          1
 Inner Flame              Hex/Fire       8%         N/A       10%         3
 Volatile Blastmotes      Fire/Tloc      16%        2d11      10%         3
 Stone Arrow              Conj/Erth      14%        3d7       12%         3
 Flame Wave               Conj/Fire      13%        2d6       19%         4
 Brom's Barrelling Bould  Conj/Erth      7%         2d3       36%         4


Dungeon Overview and Level Annotations

Branches:
Dungeon (4/15)
 Temple: D:4-7

Altars:

Annotations:
D:3 1 transporter


Innate Abilities, Weirdness & Mutations

You are partially covered in icy blue scales. (AC +2)
Your demonic aura sometimes causes spilled blood to erupt in flames.


Message History

An orc comes into view. It is wielding a +0 mace.
The black bear bites you!
* * * LOW HITPOINT WARNING * * *
The black bear claws you but does no damage.
The black bear barely misses you. The adder bites you but does no damage.
The black bear barely misses you.
The black bear claws you but does no damage.
The black bear barely misses you. The adder bites you but does no damage.
The black bear closely misses you.
The black bear claws you but does no damage. x2
The adder bites you but does no damage.
The black bear bites you but does no damage.
The black bear claws you but does no damage.
The black bear misses you. The adder closely misses you. The adder misses you.
The black bear bites you.
* * * LOW HITPOINT WARNING * * *
The black bear barely misses you.
The black bear claws you but does no damage.
The adder bites you but does no damage.
The black bear bites you but does no damage.
The black bear claws you but does no damage. x2
The adder bites you but does no damage. The black bear bites you.
* * * LOW HITPOINT WARNING * * *
The black bear claws you but does no damage.
The black bear claws you.
* * * LOW HITPOINT WARNING * * *
The adder bites you.
* * * LOW HITPOINT WARNING * * *
The adder barely misses you. The black bear barely misses you.
The black bear claws you but does no damage.
The black bear closely misses you. The adder bites you but does no damage.
The black bear bites you.
* * * LOW HITPOINT WARNING * * *
The black bear claws you but does no damage.
The black bear claws you.
* * * LOW HITPOINT WARNING * * *
The adder barely misses you. The black bear closely misses you.
The black bear claws you but does no damage. x2
The adder barely misses you. The adder bites you.
You die...

..... .### ....
...
#...###..###
#...#......
#.........
####......#
......hS..##..#
#...>.@.......
##.#.......###
...........#
...##.##.......
## #. .......
.. .#..... .#
.#..... #.
.##.#..


You could see a black bear and an adder.

Vanquished Creatures
  An ogre (D:3)
  An adder (D:2)
  A dart slug (D:3)
  A ribbon worm (D:2)
  5 ball pythons
  4 endoplasms
  5 giant cockroaches
  2 goblins
  3 hobgoblins
  5 jackals (D:3)
  2 kobolds
  3 bats
  A frilled lizard (D:1)
  3 rats
37 creatures vanquished.

Vanquished Creatures (others)
  124 foxfires
124 creatures vanquished.

Grand Total: 161 creatures vanquished

Notes
Turn   | Place    | Note
-------+----------+-------------------------------------------
     0 | D:1      | Essalna the Demonspawn Fire Elementalist began the quest
                  | for the Orb.
     0 | D:1      | Reached XP level 1. HP: 13/13 MP: 3/3
   585 | D:1      | Gained mutation: You are partially covered in icy blue
                  | scales. (AC +2) [demonic ancestry]
   585 | D:1      | Reached XP level 2. HP: 20/20 MP: 3/5
  1157 | D:2      | Reached skill level 1 in Fighting
  1157 | D:2      | Reached skill level 3 in Fire Magic
  1414 | D:2      | Reached XP level 3. HP: 26/26 MP: 3/6
  2230 | D:3      | Found a transporter.
  2246 | D:3      | Noticed an ogre
  2269 | D:3      | Killed an ogre
  2270 | D:3      | Gained mutation: Your demonic aura sometimes causes spilled
                  | blood to erupt in flames. [demonic ancestry]
  2270 | D:3      | Reached XP level 4. HP: 33/33 MP: 0/8
  2480 | D:4      | Noticed a black bear
  2505 | D:4      | HP: 1/33 [black bear (2)]
  2507 | D:4      | Slain by an adder

Illustrated notes

Levels and vault maps discovered:
D:1:      sevenhm_arrival_forest_fort_large_4, layout_loops_cross
D:2:      layout_basic
D:3:      gammafunk_steamed_eel, layout_loops_ring
D:4:      layout_cave_pools, gammafunk_ghost_arena, nicolae_letterblocks
          [nicolae_letter_subblock, nicolae_letter_subblock,
          nicolae_letter_subblock, nicolae_letter_subblock,
          nicolae_letter_subblock, nicolae_letter_subblock,
          nicolae_letter_subblock, nicolae_letter_subblock,
          nicolae_letter_subblock, nicolae_letter_subblock,
          nicolae_letter_subblock, nicolae_letter_subblock,
          nicolae_letter_subblock, nicolae_letter_subblock,
          nicolae_letter_subblock, nicolae_letter_subblock,
          nicolae_letter_subblock, nicolae_letter_subblock,
          nicolae_letter_subblock, nicolae_letter_subblock,
          nicolae_letter_subblock, nicolae_letter_subblock,
          nicolae_letter_subblock, nicolae_letter_subblock,
          nicolae_letter_subblock]

Skill      XL: |  1  2  3 |
---------------+----------+-----
Fighting       | 1 2 |  2.1
Fire Magic     | 3 |  3.4
Conjurations   | 2 |  2.5
Dodging        | |  1.7
Stealth        | |  1.7
Spellcasting   | |  2.9

Action                     |  1- 3 |  4- 6 || total
---------------------------+-------+-------++-------
  Melee: Unarmed           |     2 |       ||     2
         Dagger            |    22 |    11 ||    33
   Cast: Foxfire           |    70 |       ||    70
   Stab: Sleeping          |     1 |       ||     1
 Armour: Robe              |    19 |    68 ||    87
  Dodge: Dodged            |    22 |    43 ||    65

Table legend: (Time is in decaauts)
 A = Elapsed time spent in this place.
 B = Non-inter-level travel time spent in this place.
 C = Inter-level travel time spent in this place.
 D = Time resting spent in this place.
 E = Time spent auto-exploring this place.
 F = Levels seen in this place.
 G = Mean time per level.
                   A        B        C        D        E       F      G
               +--------+--------+--------+--------+--------+-----+--------+
         Total |   2504 |   2345 |    159 |      0 |   2028 |   4 |  626.0 |
       Dungeon |   2504 |   2345 |    159 |      0 |   2028 |   4 |  626.0 |
               +--------+--------+--------+--------+--------+-----+--------+

Top non-repeatable levels by time:
     D:1: 1019 daAuts
     D:2: 777 daAuts
     D:3: 680 daAuts
     D:4: 26 daAuts
